 Dungeon Crawl Stone Soup version 0.30-a0-232-g7c5df11ecf (webtiles) character file.

Game seed: 16258775182531894328

100934 qw the Severer (level 16, -1/104 HPs)
             Began as a Gargoyle Fighter on Oct 9, 2022.
             Was an Elder of Okawaru.
             Slain by a goliath frog (10 damage)
             ... on level 2 of the Swamp.
             The game lasted 00:13:10 (21929 turns).

qw the Severer (Gargoyle Fighter)                  Turns: 21929, Time: 00:13:10

Health: -1/104     AC: 48    Str: 28    XL:     16   Next: 29%
Magic:  23/23      EV:  7    Int:  9    God:    Okawaru [****..]
Gold:   516        SH: 13    Dex:  9    Spells: 15/15 levels left

rFire   + . .      SeeInvis .    Y - +3 war axe (protect)
rCold   . . .      Faith    .    s - +0 kite shield
rNeg    + . .      Spirit   .    u - +1 plate armour {Will+}
rPois   inf        Reflect  .    c - +2 helmet
rElec   +          Harm     .    z - +2 cloak
rCorr   .          Rampage  .    p - +1 pair of gloves
Will    ++...                    x - +2 pair of boots
Stlth   ..........               g - amulet of regeneration
HPRegen 1.17/turn                r - ring of protection from fire
MPRegen 0.18/turn                (no ring)

@: heroic, grasped by roots, corroded, under a protective aura, flying,
constricted
A: sickness immunity, AC +12, big wings, negative energy resistance 1,
electricity resistance, torment resistance 1, petrification resistance, sense
surroundings 1
a: Renounce Religion, Heroism, Finesse


You were on level 2 of the Swamp.
You worshipped Okawaru.
Okawaru was greatly pleased with you.
You visited 5 branches of the dungeon, and saw 25 of its levels.

You collected 2342 gold pieces.
You spent 1826 gold pieces at shops.


Innate Abilities, Weirdness & Mutations

You are immune to sickness and miasma.
Your stone body is resilient. (AC +12)
You are immune to poison.
Your large and strong wings let you fly.
You resist negative energy. (rN+)
You are resistant to electric shocks. (rElec)
You are resistant to unholy torment.
You are immune to petrification.
You passively map a small area around you.


   Skills:
 + Level 13.1(18.1) Fighting
 - Level 16.0(21.0) Axes
 - Level 5.1(10.1) Throwing
 - Level 13.0(18.0) Armour
 - Level 4.0(9.0) Dodging
 - Level 13.5(18.5) Shields
 - Level 10.0 Invocations


You had 15 spell levels left.
You didn't know any spells.
Your spell library was empty.

Inventory:

Hand Weapons
 m - a +2 hand axe of flaming
 Y - a +3 war axe of protection (weapon)
Missiles
 e - 4 boomerangs (quivered)
Armour
 b - +0 acid dragon scales
 c - a +2 helmet (worn)
 p - a +1 pair of gloves (worn)
 s - a +0 kite shield (worn)
 u - a +1 plate armour of willpower (worn)
 v - a +1 chain mail of fire resistance
 w - a +4 chain mail of cold resistance
 x - a +2 pair of boots (worn)
 y - a +1 buckler of resistance
 z - a +2 cloak (worn)
Jewellery
 g - an amulet of regeneration (around neck)
 l - a ring of fire
 n - a ring of ice
 r - a ring of protection from fire (left hand)
Scrolls
 a - 12 scrolls of identify
Potions
 d - 2 potions of might
 f - a potion of mutation
 i - 4 potions of heal wounds
 j - 9 potions of curing
 k - 2 potions of haste
 o - a potion of lignification
 q - 7 potions of attraction
 A - 3 potions of cancellation

Dungeon Overview and Level Annotations

Branches:
Dungeon (15/15)            Temple (1/1) D:7            Lair (5/5) D:10
  Swamp (2/4) Lair:3        Snake (0/4) Lair:2        Slime (0/5) Lair:5
    Orc (2/2) D:11            Elf (0/3) Orc:2        Vaults (0/5) D:13
 Depths (0/4) D:15

Altars:
Ashenzari
Cheibriados
Dithmenos
Elyvilon
Fedhas
Gozag
Hepliaklqana
Kikubaaqudgha
Makhleb
Nemelex Xobeh
Okawaru
Qazlal
Ru
Sif Muna
Trog
Uskayaw
Vehumet
Wu Jian
Xom
Yredelemnul
Zin
The Shining One
Jiyva
Lugonu

Shops:
D:2 (   D:4 (   D:9 *   D:10 =   D:15 [   Orc:2 !![(

Portals:
Abyss: Lair:5
Trove: D:10 (give 5 scrolls of blinking)

Annotations:
D:4 1 runed translucent door, Crazy Yiuf


Message History

The foxfire hits you. You resist. You block the goliath frog's attack.
The tyrant leech bites you!! The will-o-the-wisp barely misses you.
You block the goliath frog's attack.
The foxfire hits you but does no damage.
21926 ||| DRINKING 5 potions of heal wounds.
You feel much better. You block the goliath frog's attack.
The grasping roots constrict you.
The goliath frog hits you but does no damage.
The will-o-the-wisp gestures.
The will-o-the-wisp conjures some foxfire!
The tyrant leech bites you! 2 foxfires come into view.
You barely miss the goliath frog.
The goliath frog is severely wounded.
You closely miss the will-o-the-wisp. You completely miss the tyrant leech.
The foxfire hits you but does no damage.
You block the goliath frog's attack.
The goliath frog hits you but does no damage.
The grasping roots constrict you!
The will-o-the-wisp gestures.
The will-o-the-wisp conjures some foxfire!
The tyrant leech bites you but does no damage. 2 foxfires come into view.
You hit the goliath frog.
The goliath frog is almost dead.
You hit the will-o-the-wisp but do no damage.
You barely miss the foxfire. You slash the tyrant leech!
The foxfire hits you but does no damage.
You resist.
The foxfire hits you but does no damage.
You block the goliath frog's attack.
The goliath frog hits you but does no damage.
You closely miss the goliath frog.
The goliath frog is almost dead.
You hit the will-o-the-wisp. You slash the tyrant leech!
You block the will-o-the-wisp's attack. The goliath frog hits you!
The acid corrodes you!
You are splashed with acid!
The grasping roots constrict you. You block the tyrant leech's attack.
The goliath frog hits you from afar!
You die...

* * ~77.7~~~..7
.......~~~77 ~
.~..7...... ,
....~.~.~.777
,##.#........77
, ~
~...~¤¤v..~..7
~ ~
¤.~.7¤vwF..~7
..~~~F¤@....7 ,
.....f.~v~[~7,~
.~..~.7)..~....
~..~...7..~....
..~.¤.7*77..~..
...... 7~.!7
~!.~., .~~7
~~.~. * .77 *
...* ,~,


7 You could see a shambling mangrove, a tyrant leech, 2 goliath frogs and 2
will-o-the-wisps.

Vanquished Creatures
  Jorgrun (D:14)
  Rupert (D:14)
  An orc warlord (Orc:2)
  Azrael (D:15)
  A dire elephant (D:15)
  A fire dragon (D:15)
  Harold (D:9)
  A rakshasa (D:13)
  Fannar (Lair:2)
  5 centaur warriors
  4 hydras
  A ghost crab (Swamp:1)
  Erica (Lair:2)
  6 boulder beetles
  3 two-headed ogres
  6 death yaks (Lair:3)
  An alligator (Swamp:1)
  2 orc high priests (Orc:2)
  4 thrashing horrors (Lair:5)
  Sonja (Lair:4)
  A spriggan berserker (Swamp:1)
  A goliath frog (Swamp:1)
  2 swamp dragons (Swamp:1)
  3 deep elf pyromancers
  5 bog bodies
  A harpy (shapeshifter) (D:14)
  A deep elf zephyrmancer (D:13)
  14 ugly things
  A wolf spider (D:15)
  An orc sorcerer (Orc:2)
  An oklob plant (Lair:5)
  A salamander (D:15)
  26 elephants
  A will-o-the-wisp (Swamp:1)
  A shining eye (shapeshifter) (D:13)
  4 cyclopes
  A guardian serpent (shapeshifter) (Lair:5)
  2 black mambas (Lair:5)
  Maurice (D:12)
  2 molten gargoyles (Lair:3)
  3 torpor snails
  A smoke demon (Lair:5)
  8 cane toads
  3 gargoyles
  2 kobold demonologists (D:14)
  5 komodo dragons
  An efreet (D:15)
  2 rime drakes
  2 ancient zymes (Lair:5)
  6 tyrant leeches
  A meliai (shapeshifter) (Lair:5)
  6 polar bears
  7 trolls
  22 blink frogs
  3 hornets
  A blink frog (shapeshifter) (D:15)
  2 slime creatures (D:15)
  A jumping spider (shapeshifter) (Lair:5)
  3 spriggans
  A shadow (D:12)
  58 yaks
  A ynoxinul (Lair:5)
  8 wyverns
  A chaos spawn (Lair:5)
  A wraith (D:13)
  7 basilisks
  2 fire elementals (D:15)
  A steam dragon (D:9)
  6 swamp worms
  2 wargs (Orc:2)
  4 nagas (Lair:2)
  2 acid dragons
  20 water moccasins
  4 hell hounds (D:15)
  31 orc warriors
  3 black bears
  10 small abominations (Lair:5)
  A hornet zombie (D:8)
  A sky beast (D:7)
  2 swamp drakes (Swamp:1)
  3 ogres
  26 wolves
  9 centaurs
  2 phantoms
  A kobold brigand (D:10)
  10 bullfrogs
  A wyvern zombie (D:8)
  2 gnoll sergeants
  3 scorpions
  A necrophage (D:5)
  14 wights (D:8)
  12 killer bees
  5 howler monkeys (D:7)
  10 electric eels
  3 centaur zombies (D:8)
  5 lava snakes (Lair:3)
  3 hounds
  3 jellies
  22 orc priests
  2 gnoll boudas
  3 iguanas
  34 orc wizards
  5 hell rats (Lair:5)
  A statue (D:8)
  A howler monkey zombie (D:8)
  17 gnolls
  8 adders
  A shadow imp (D:5)
  A white imp (D:7)
  An ufetubus (D:5)
  A worm (D:5)
  105 orcs
  5 ball pythons
  6 bats
  5 endoplasms
  3 giant cockroaches
  5 goblins
  10 hobgoblins
  3 jackals (D:5)
  12 kobolds
  4 quokkas
  3 training dummies (D:4)
  4 frilled lizards (D:1)
  3 rats
736 creatures vanquished.

Vanquished Creatures (others)
  An alligator (Swamp:2)
  A goliath frog (Swamp:1)
  A spriggan druid (Swamp:2)
  A bloated husk (Swamp:2)
  13 foxfires
  34 fungi
  35 plants
  A withered plant (D:8)
87 creatures vanquished.

Grand Total: 823 creatures vanquished

Notes
Turn   | Place    | Note
-------+----------+-------------------------------------------
     0 | D:1      | qw the Gargoyle Fighter began the quest for the Orb.
     0 | D:1      | Reached XP level 1. HP: 14/14 MP: 1/1
     0 | D:1      | 0 ||| qw: Version: 0.2-a-17-g06abaee
     0 | D:1      | 0 ||| qw: Game counter: 2318
     0 | D:1      | 0 ||| qw: Always use a shield: true
     0 | D:1      | 0 ||| qw: God list: Okawaru
     0 | D:1      | 0 ||| qw: Allow faded altars: false
     0 | D:1      | 0 ||| qw: Do Orc after D:15 true
     0 | D:1      | 0 ||| qw: Do second Lair branch before Depths: true
     0 | D:1      | 0 ||| qw: Lair rune preference: random
     0 | D:1      | 0 ||| qw: Plans: Normal, Zot:1-4, God:TSO, Crypt, Tomb,
                  | Pan, Slime:5, Hells, Abyss, Orb
     0 | D:1      | 0 ||| PLANNING D:1-11
    28 | D:1      | Reached skill level 2 in Axes
   120 | D:1      | Reached XP level 2. HP: 19/19 MP: 2/2
   537 | D:1      | 537 ||| READING scroll labelled REUTER OCHU.
   541 | D:1      | 541 ||| READING scroll labelled ROCICK ROJIF.
   542 | D:1      | 542 ||| READING scroll labelled WIUSTR WEITRA.
   543 | D:1      | 543 ||| READING scroll labelled RUESIMM UDIA.
   544 | D:1      | 544 ||| DRINKING 2 fizzy silvery potions.
   544 | D:1      | Gained mutation: You possess an exceptional clarity of
                  | mind. [potion of mutation]
   544 | D:1      | Gained mutation: Your mind is acute. (Int +4, Str/Dex -1)
                  | [potion of mutation]
   544 | D:1      | Gained mutation: Your natural rate of healing is unusually
                  | fast. [potion of mutation]
   544 | D:1      | Gained mutation: Your flesh is cold resistant. (rC+)
                  | [potion of mutation]
   545 | D:1      | 545 ||| DRINKING 3 puce potions.
   615 | D:2      | Reached skill level 3 in Axes
   615 | D:2      | Reached XP level 3. HP: 23/23 MP: 3/3
   699 | D:2      | Found Sazoyrro's Weapon Shoppe.
  1184 | D:2      | 1184 ||| UPGRADING to amulet of regeneration.
  1189 | D:2      | 1189 ||| READING scroll labelled COKHO DAUCYO.
  1190 | D:2      | 1190 ||| READING scroll labelled LOKLEM FAEVU.
  1191 | D:2      | 1191 ||| READING 3 scrolls of identify.
  1191 | D:2      | 1191 ||| IDENTIFYING inky potion
  1192 | D:2      | 1192 ||| READING 2 scrolls of identify.
  1192 | D:2      | 1192 ||| IDENTIFYING red potion
  1193 | D:2      | 1193 ||| DROPPING potion of flight.
  1412 | D:3      | Noticed a water moccasin
  1440 | D:3      | Killed a water moccasin
  1441 | D:3      | Reached skill level 4 in Axes
  1441 | D:3      | Reached XP level 4. HP: 28/28 MP: 4/4
  1441 | D:3      | Reached XP level 5. HP: 32/32 MP: 5/5
  1516 | D:3      | Reached skill level 5 in Axes
  1575 | D:3      | 1575 ||| DROPPING +0 club.
  1793 | D:3      | Found a shimmering altar of Xom.
  2087 | D:3      | 2087 ||| UPGRADING to +0 helmet.
  2233 | D:4      | Reached XP level 6. HP: 38/38 MP: 6/6
  2265 | D:4      | Found Ecyileddew's Firing Range.
  2351 | D:4      | 2351 ||| Stepping ~*~*~tactically~*~*~ (stealth).
  2359 | D:4      | Reached skill level 6 in Axes
  2594 | D:4      | Found a runed translucent door.
  2595 | D:4      | Noticed Crazy Yiuf
  2708 | D:4      | 2708 ||| READING scroll labelled IBEIWU RIQEU.
  2709 | D:4      | 2709 ||| READING 3 scrolls labelled NASONARROF.
  2710 | D:4      | 2710 ||| DRINKING 2 green potions.
  2811 | D:4      | 2811 ||| DROPPING potion of ambrosia.
  2812 | D:4      | 2812 ||| DROPPING 2 scrolls of immolation.
  2870 | D:5      | Entered Level 5 of the Dungeon
  2874 | D:5      | Reached skill level 1 in Dodging
  2874 | D:5      | Reached XP level 7. HP: 37/43 MP: 7/7
  2896 | D:5      | 2896 ||| Stepping ~*~*~tactically~*~*~ (stealth).
  2918 | D:5      | 2918 ||| Stepping ~*~*~tactically~*~*~ (stealth).
  2927 | D:5      | 2927 ||| Stepping ~*~*~tactically~*~*~ (stealth).
  2939 | D:5      | 2939 ||| Stepping ~*~*~tactically~*~*~ (stealth).
  2940 | D:5      | Found an ornate altar of the Wu Jian Council.
  3027 | D:5      | 3027 ||| Stepping ~*~*~tactically~*~*~ (stealth).
  3029 | D:5      | 3029 ||| Stepping ~*~*~tactically~*~*~ (hiding).
  3057 | D:5      | Reached skill level 7 in Axes
  3107 | D:5      | Found a burning altar of Makhleb.
  3156 | D:5      | Reached XP level 8. HP: 50/50 MP: 8/8
  3205 | D:5      | 3205 ||| Stepping ~*~*~tactically~*~*~ (stealth).
  3466 | D:5      | 3466 ||| UPGRADING to +0 chain mail.
  3476 | D:5      | 3476 ||| DROPPING +0 scale mail.
  3477 | D:5      | 3477 ||| DRINKING 2 fizzy white potions.
  3478 | D:5      | 3478 ||| READING 2 scrolls of identify.
  3478 | D:5      | 3478 ||| IDENTIFYING sapphire potion
  3479 | D:5      | 3479 ||| DROPPING potion of magic.
  3560 | D:6      | Reached skill level 8 in Axes
  3701 | D:6      | 3701 ||| Stepping ~*~*~tactically~*~*~ (hiding).
  3776 | D:6      | Reached skill level 6 in Fighting
  3817 | D:6      | 3817 ||| Stepping ~*~*~tactically~*~*~ (stealth).
  4081 | D:6      | 4081 ||| Stepping ~*~*~tactically~*~*~ (stealth).
  4083 | D:6      | 4083 ||| Stepping ~*~*~tactically~*~*~ (hiding).
  4086 | D:6      | 4086 ||| Stepping ~*~*~tactically~*~*~ (hiding).
  4294 | D:7      | 4294 ||| Stepping randomly (stuck).
  4302 | D:7      | Reached XP level 9. HP: 54/55 MP: 9/9
  4320 | D:7      | 4320 ||| Stepping ~*~*~tactically~*~*~ (hiding).
  4475 | D:7      | Reached skill level 9 in Axes
  4524 | D:7      | 4524 ||| Stepping ~*~*~tactically~*~*~ (hiding).
  4538 | D:7      | HP: 11/55 [orc warrior/+1 battleaxe of distortion (13)]
  4539 | D:7      | 4539 ||| Stepping ~*~*~tactically~*~*~ (hiding).
  4542 | D:7      | 4542 ||| FLEEEEING.
  4543 | D:7      | 4543 ||| FLEEEEING.
  4545 | D:7      | 4545 ||| FLEEEEING.
  4546 | D:7      | 4546 ||| FLEEEEING.
  4547 | D:7      | 4547 ||| STAIRDANCE
  4572 | D:7      | HP: 10/55 [orc priest/divine providence (13)]
  4573 | D:7      | 4573 ||| READING 4 scrolls of teleportation.
  4574 | D:7      | 4574 ||| DRINKING potion of heal wounds.
  4577 | D:7      | 4577 ||| STAIRDANCE
  4626 | D:7      | Found a bloodstained altar of Trog.
  4645 | D:7      | 4645 ||| Stepping ~*~*~tactically~*~*~ (stealth).
  4653 | D:7      | 4653 ||| Stepping ~*~*~tactically~*~*~ (stealth).
  4655 | D:7      | 4655 ||| Stepping ~*~*~tactically~*~*~ (stealth).
  4657 | D:7      | 4657 ||| Stepping ~*~*~tactically~*~*~ (stealth).
  4659 | D:7      | 4659 ||| Stepping ~*~*~tactically~*~*~ (stealth).
  4661 | D:7      | 4661 ||| Stepping ~*~*~tactically~*~*~ (stealth).
  4697 | D:7      | 4697 ||| Stepping ~*~*~tactically~*~*~ (hiding).
  4698 | D:7      | 4698 ||| Stepping ~*~*~tactically~*~*~ (hiding).
  4702 | D:7      | 4702 ||| Stepping ~*~*~tactically~*~*~ (hiding).
  4704 | D:7      | 4704 ||| Stepping ~*~*~tactically~*~*~ (hiding).
  4868 | D:7      | 4868 ||| Stepping ~*~*~tactically~*~*~ (stealth).
  5131 | D:7      | 5131 ||| Stepping ~*~*~tactically~*~*~ (stealth).
  5312 | D:7      | Found a staircase to the Ecumenical Temple.
  5313 | D:7      | 5313 ||| PLANNING TEMPLE
  5313 | D:7      | 5313 ||| UPGRADING to +0 plate armour.
  5323 | D:7      | 5323 ||| DROPPING +0 chain mail.
  5329 | Temple   | Entered the Ecumenical Temple
  5330 | Temple   | 5330 ||| PLANNING OKAWARU WORSHIP
  5564 | Temple   | Became a worshipper of Warmaster Okawaru
  5565 | Temple   | 5565 ||| PLANNING D:1-11
  5770 | D:8      | Reached skill level 6 in Armour
  5777 | D:8      | Reached * piety under Okawaru
  5778 | D:8      | 5778 ||| INVOKING Heroism.
  5778 | D:8      | HP: 14/57 [wight/+0 halberd (5)]
  5779 | D:8      | 5779 ||| READING 3 scrolls of teleportation.
  5789 | D:8      | 5789 ||| INVOKING Heroism.
  5842 | D:8      | Reached skill level 10 in Axes
  5871 | D:8      | Reached XP level 10. HP: 47/63 MP: 10/10
  5942 | D:8      | Reached skill level 1 in Invocations
  6007 | D:8      | Found a radiant altar of Vehumet.
  6010 | D:8      | 6010 ||| INVOKING Heroism.
  6069 | D:8      | 6069 ||| Stepping ~*~*~tactically~*~*~ (hiding).
  6235 | D:8      | 6235 ||| DROPPING +0 flail.
  6287 | D:8      | 6287 ||| Stepping ~*~*~tactically~*~*~ (hiding).
  6297 | D:8      | Reached skill level 3 in Invocations
  6372 | D:8      | 6372 ||| Stepping ~*~*~tactically~*~*~ (stealth).
  6374 | D:8      | 6374 ||| Stepping ~*~*~tactically~*~*~ (stealth).
  6376 | D:8      | 6376 ||| INVOKING Heroism.
  6392 | D:8      | 6392 ||| INVOKING Heroism.
  6603 | D:8      | 6603 ||| READING scroll labelled OSHRIM ZIDGH.
  6604 | D:8      | 6604 ||| READING scroll labelled OFIPUS ATINOUL.
  6667 | D:9      | 6667 ||| Stepping ~*~*~tactically~*~*~ (hiding).
  6778 | D:9      | Found Irhit's Assorted Antiques.
  6786 | D:9      | 6786 ||| Stepping ~*~*~tactically~*~*~ (stealth).
  6798 | D:9      | 6798 ||| Stepping ~*~*~tactically~*~*~ (stealth).
  6804 | D:9      | 6804 ||| INVOKING Heroism.
  6808 | D:9      | Reached ** piety under Okawaru
  6833 | D:9      | 6833 ||| BUYING 2 emerald potions (61 gold).
  6833 | D:9      | Bought 2 emerald potions for 61 gold pieces
  6833 | D:9      | 6833 ||| BUYING golden ring (170 gold).
  6833 | D:9      | Bought a golden ring for 170 gold pieces
  6833 | D:9      | 6833 ||| SHOPLISTING ring of fire (850 gold, have 149).
  6833 | D:9      | 6833 ||| BUYING scroll labelled RUCITA RIUZEC (34 gold).
  6833 | D:9      | Bought a scroll labelled RUCITA RIUZEC for 34 gold pieces
  6890 | D:9      | Noticed Harold
  6891 | D:9      | 6891 ||| Stepping ~*~*~tactically~*~*~ (hiding).
  6897 | D:9      | 6897 ||| INVOKING Heroism.
  6909 | D:9      | Noticed a centaur warrior
  6922 | D:9      | Killed Harold
  6923 | D:9      | Reached skill level 11 in Axes
  6925 | D:9      | 6925 ||| INVOKING Heroism.
  6934 | D:9      | Killed a centaur warrior
  6934 | D:9      | Reached *** piety under Okawaru
  6934 | D:9      | HP: 14/64 [steam dragon (5)]
  6935 | D:9      | 6935 ||| READING 2 scrolls of teleportation.
  6936 | D:9      | 6936 ||| DRINKING potion of heal wounds.
  6957 | D:9      | 6957 ||| INVOKING Heroism.
  6970 | D:9      | Reached XP level 11. HP: 64/69 MP: 12/14
  6985 | D:9      | 6985 ||| Stepping ~*~*~tactically~*~*~ (stealth).
  7002 | D:9      | 7002 ||| INVOKING Heroism.
  7039 | D:9      | 7039 ||| INVOKING Heroism.
  7048 | D:9      | Reached skill level 9 in Fighting
  7052 | D:9      | Reached **** piety under Okawaru
  7073 | D:9      | 7073 ||| INVOKING Heroism.
  7076 | D:9      | 7076 ||| Stepping ~*~*~tactically~*~*~ (cloud).
  7151 | D:9      | Found a glowing silver altar of Zin.
  7212 | D:9      | Found a sparkling altar of Nemelex Xobeh.
  7232 | D:9      | 7232 ||| INVOKING Heroism.
  7277 | D:9      | 7277 ||| INVOKING Heroism.
  7322 | D:9      | Noticed a two-headed ogre
  7323 | D:9      | 7323 ||| INVOKING Heroism.
  7330 | D:9      | Killed a two-headed ogre
  7331 | D:9      | Reached skill level 1 in Throwing
  7391 | D:9      | 7391 ||| INVOKING Heroism.
  7528 | D:9      | Found a blossoming altar of Fedhas.
  7531 | D:9      | Found a snail-covered altar of Cheibriados.
  7665 | D:9      | 7665 ||| UPGRADING to +0 pair of gloves.
  7670 | D:9      | 7670 ||| DROPPING ring of wizardry.
  7671 | D:9      | 7671 ||| READING scroll labelled TUYNUW TAUMNUT.
  7672 | D:9      | 7672 ||| READING scroll labelled RUCITA RIUZEC.
  7773 | D:9      | 7773 ||| DRINKING 2 emerald potions.
  7804 | D:10     | Entered Level 10 of the Dungeon
  7891 | D:10     | 7891 ||| Stepping ~*~*~tactically~*~*~ (hiding).
  7901 | D:10     | 7901 ||| Stepping ~*~*~tactically~*~*~ (hiding).
  7969 | D:10     | Found Rikhlu's Jewellery Shoppe.
  7976 | D:10     | 7976 ||| SHOPLISTING +4 ring of evasion (432 gold, have
                  | 219).
  7976 | D:10     | 7976 ||| SHOPLISTING ring of Cuuhuam {Wiz rC- Dex+7} (536
                  | gold, have 219).
  7976 | D:10     | 7976 ||| SHOPLISTING ring of fire (300 gold, have 219).
  7976 | D:10     | 7976 ||| SHOPLISTING ring of willpower (300 gold, have
                  | 219).
  7988 | D:10     | Found a staircase to the Lair.
  8002 | D:10     | 8002 ||| INVOKING Heroism.
  8090 | D:10     | 8090 ||| INVOKING Heroism.
  8227 | D:10     | 8227 ||| INVOKING Heroism.
  8249 | D:10     | Reached skill level 6 in Invocations
  8347 | D:10     | 8347 ||| Stepping ~*~*~tactically~*~*~ (stealth).
  8350 | D:10     | 8350 ||| Stepping ~*~*~tactically~*~*~ (stealth).
  8352 | D:10     | 8352 ||| INVOKING Heroism.
  8362 | D:10     | Reached skill level 3 in Throwing
  8440 | D:10     | Found a portal to a secret trove of treasure.
  8536 | D:10     | 8536 ||| INVOKING Heroism.
  8537 | D:10     | 8537 ||| Stepping ~*~*~tactically~*~*~ (stealth).
  8539 | D:10     | 8539 ||| Stepping ~*~*~tactically~*~*~ (stealth).
  8541 | D:10     | 8541 ||| Stepping ~*~*~tactically~*~*~ (hiding).
  8560 | D:10     | 8560 ||| DROPPING +5 flail of freezing.
  8636 | D:10     | 8636 ||| PLANNING LAIR
  8636 | D:10     | 8636 ||| DRINKING 2 fuming amethyst potions.
  8694 | Lair:1   | Entered Level 1 of the Lair of Beasts
  8695 | Lair:1   | 8695 ||| INVOKING Heroism.
  8796 | Lair:1   | 8796 ||| Stepping ~*~*~tactically~*~*~ (stealth).
  8804 | Lair:1   | 8804 ||| Stepping ~*~*~tactically~*~*~ (stealth).
  8816 | Lair:1   | Reached ***** piety under Okawaru
  8829 | Lair:1   | 8829 ||| INVOKING Heroism.
  8882 | Lair:1   | 8882 ||| INVOKING Heroism.
  8904 | Lair:1   | Reached skill level 12 in Axes
  8950 | Lair:1   | 8950 ||| Stepping ~*~*~tactically~*~*~ (stealth).
  8953 | Lair:1   | 8953 ||| Stepping ~*~*~tactically~*~*~ (stealth).
  8971 | Lair:1   | Received a gift from Okawaru
  9022 | Lair:1   | 9022 ||| INVOKING Heroism.
  9033 | Lair:1   | Reached XP level 12. HP: 76/76 MP: 15/18
  9041 | Lair:1   | Identified the +0 scale mail of Haposukh {Str+4} (Okawaru
                  | gifted it to you on level 1 of the Lair of Beasts)
  9041 | Lair:1   | Received a gift from Okawaru
  9042 | Lair:1   | Reached skill level 6 in Shields
  9090 | Lair:1   | 9090 ||| INVOKING Heroism.
  9129 | Lair:1   | 9129 ||| INVOKING Heroism.
  9163 | Lair:1   | Reached skill level 9 in Invocations
  9440 | Lair:1   | Reached skill level 9 in Armour
  9621 | Lair:1   | 9621 ||| READING scroll labelled YREOLU HENNUM.
  9663 | Lair:2   | Noticed Erica
  9664 | Lair:2   | 9664 ||| Stepping ~*~*~tactically~*~*~ (hiding).
  9665 | Lair:2   | 9665 ||| Stepping ~*~*~tactically~*~*~ (hiding).
  9671 | Lair:2   | 9671 ||| Stepping ~*~*~tactically~*~*~ (stealth).
  9672 | Lair:2   | 9672 ||| INVOKING Heroism.
  9673 | Lair:2   | 9673 ||| INVOKING Finesse.
  9688 | Lair:2   | Killed Erica
  9693 | Lair:2   | 9693 ||| Stepping ~*~*~tactically~*~*~ (stealth).
  9696 | Lair:2   | 9696 ||| Stepping ~*~*~tactically~*~*~ (stealth).
  9701 | Lair:2   | 9701 ||| Stepping ~*~*~tactically~*~*~ (stealth).
  9702 | Lair:2   | 9702 ||| Stepping ~*~*~tactically~*~*~ (stealth).
  9703 | Lair:2   | 9703 ||| Stepping ~*~*~tactically~*~*~ (stealth).
  9744 | Lair:2   | 9744 ||| Stepping ~*~*~tactically~*~*~ (stealth).
  9799 | Lair:2   | 9799 ||| INVOKING Heroism.
  9802 | Lair:2   | 9802 ||| Stepping ~*~*~tactically~*~*~ (stealth).
  9834 | Lair:2   | 9834 ||| Stepping ~*~*~tactically~*~*~ (stealth).
  9856 | Lair:2   | 9856 ||| INVOKING Heroism.
  9970 | Lair:2   | 9970 ||| Stepping ~*~*~tactically~*~*~ (stealth).
  9971 | Lair:2   | 9971 ||| Stepping ~*~*~tactically~*~*~ (stealth).
 10093 | Lair:2   | Noticed Fannar
 10125 | Lair:2   | Killed Fannar
 10141 | Lair:2   | 10141 ||| INVOKING Heroism.
 10169 | Lair:2   | Found a staircase to the Snake Pit.
 10226 | Lair:2   | 10226 ||| Stepping ~*~*~tactically~*~*~ (stealth).
 10228 | Lair:2   | 10228 ||| Stepping ~*~*~tactically~*~*~ (hiding).
 10229 | Lair:2   | 10229 ||| Stepping ~*~*~tactically~*~*~ (hiding).
 10230 | Lair:2   | 10230 ||| Stepping ~*~*~tactically~*~*~ (hiding).
 10361 | Lair:2   | 10361 ||| Stepping ~*~*~tactically~*~*~ (stealth).
 10362 | Lair:2   | 10362 ||| Stepping ~*~*~tactically~*~*~ (stealth).
 10363 | Lair:2   | 10363 ||| Stepping ~*~*~tactically~*~*~ (stealth).
 10364 | Lair:2   | 10364 ||| Stepping ~*~*~tactically~*~*~ (stealth).
 10765 | Lair:3   | 10765 ||| INVOKING Heroism.
 10766 | Lair:3   | 10766 ||| Stepping ~*~*~tactically~*~*~ (stealth).
 10811 | Lair:3   | 10811 ||| INVOKING Heroism.
 10864 | Lair:3   | 10864 ||| Stepping ~*~*~tactically~*~*~ (stealth).
 10870 | Lair:3   | 10870 ||| INVOKING Heroism.
 10895 | Lair:3   | 10895 ||| Stepping ~*~*~tactically~*~*~ (stealth).
 10906 | Lair:3   | Reached skill level 13 in Axes
 10939 | Lair:3   | Noticed a four-headed hydra
 10940 | Lair:3   | 10940 ||| INVOKING Heroism.
 10941 | Lair:3   | 10941 ||| INVOKING Finesse.
 10943 | Lair:3   | 10943 ||| SWAPPING to +0 morningstar.
 10948 | Lair:3   | Killed a four-headed hydra
 10949 | Lair:3   | Reached XP level 13. HP: 82/82 MP: 13/20
 10949 | Lair:3   | 10949 ||| SWAPPING to +1 war axe.
 11004 | Lair:3   | 11004 ||| INVOKING Heroism.
 11005 | Lair:3   | 11005 ||| INVOKING Finesse.
 11046 | Lair:3   | Identified the +8 spear of Horn {vorpal, *Slow rF+ rCorr}
                  | (Okawaru gifted it to you on level 3 of the Lair of Beasts)
 11046 | Lair:3   | Received a gift from Okawaru
 11047 | Lair:3   | Reached skill level 14 in Axes
 11224 | Lair:3   | 11224 ||| INVOKING Heroism.
 11291 | Lair:3   | 11291 ||| INVOKING Heroism.
 11327 | Lair:3   | 11327 ||| Stepping ~*~*~tactically~*~*~ (stealth).
 11360 | Lair:3   | 11360 ||| Stepping ~*~*~tactically~*~*~ (stealth).
 11426 | Lair:3   | 11426 ||| INVOKING Heroism.
 11428 | Lair:3   | 11428 ||| FLEEEEING.
 11428 | Lair:3   | HP: 19/83 [lava snake/glob of lava (17)]
 11429 | Lair:3   | 11429 ||| FLEEEEING.
 11430 | Lair:3   | 11430 ||| FLEEEEING.
 11537 | Lair:3   | 11537 ||| Stepping ~*~*~tactically~*~*~ (stealth).
 11538 | Lair:3   | 11538 ||| Stepping ~*~*~tactically~*~*~ (stealth).
 11549 | Lair:3   | 11549 ||| INVOKING Heroism.
 11589 | Lair:3   | 11589 ||| Stepping ~*~*~tactically~*~*~ (stealth).
 11678 | Lair:3   | 11678 ||| INVOKING Heroism.
 11751 | Lair:3   | 11751 ||| FLEEEEING.
 11752 | Lair:3   | 11752 ||| FLEEEEING.
 11763 | Lair:3   | 11763 ||| INVOKING Heroism.
 11764 | Lair:3   | Received a gift from Okawaru
 11802 | Lair:3   | 11802 ||| INVOKING Heroism.
 11902 | Lair:3   | 11902 ||| INVOKING Heroism.
 12103 | Lair:3   | 12103 ||| Stepping ~*~*~tactically~*~*~ (stealth).
 12113 | Lair:3   | 12113 ||| INVOKING Heroism.
 12230 | Lair:3   | Found a staircase to the Swamp.
 12316 | Lair:3   | 12316 ||| UPGRADING to ring of protection from fire.
 12317 | Lair:3   | 12317 ||| READING scroll labelled HISCHI MYALENI.
 12461 | Lair:4   | 12461 ||| INVOKING Heroism.
 12495 | Lair:4   | 12495 ||| Stepping ~*~*~tactically~*~*~ (stealth).
 12496 | Lair:4   | 12496 ||| Stepping ~*~*~tactically~*~*~ (stealth).
 12498 | Lair:4   | 12498 ||| Stepping ~*~*~tactically~*~*~ (stealth).
 12500 | Lair:4   | 12500 ||| Stepping ~*~*~tactically~*~*~ (stealth).
 12501 | Lair:4   | Noticed Sonja
 12502 | Lair:4   | 12502 ||| Stepping ~*~*~tactically~*~*~ (stealth).
 12503 | Lair:4   | 12503 ||| INVOKING Finesse.
 12505 | Lair:4   | 12505 ||| INVOKING Heroism.
 12559 | Lair:4   | Identified the +6 hand crossbow of Ylipetio {penet, rElec
                  | rC+ rCorr Dex-2} (Okawaru gifted it to you on level 4 of
                  | the Lair of Beasts)
 12559 | Lair:4   | Received a gift from Okawaru
 12580 | Lair:4   | 12580 ||| INVOKING Finesse.
 12598 | Lair:4   | Killed Sonja
 12672 | Lair:4   | 12672 ||| INVOKING Heroism.
 12734 | Lair:4   | 12734 ||| INVOKING Heroism.
 12738 | Lair:4   | 12738 ||| Stepping ~*~*~tactically~*~*~ (stealth).
 12739 | Lair:4   | 12739 ||| Stepping ~*~*~tactically~*~*~ (stealth).
 12782 | Lair:4   | 12782 ||| INVOKING Heroism.
 12872 | Lair:4   | 12872 ||| Stepping ~*~*~tactically~*~*~ (stealth).
 12873 | Lair:4   | 12873 ||| Stepping ~*~*~tactically~*~*~ (stealth).
 12875 | Lair:4   | 12875 ||| Stepping ~*~*~tactically~*~*~ (stealth).
 12876 | Lair:4   | 12876 ||| Stepping ~*~*~tactically~*~*~ (stealth).
 12877 | Lair:4   | 12877 ||| INVOKING Heroism.
 12908 | Lair:4   | Reached skill level 15 in Axes
 12929 | Lair:4   | Gained mutation: Your large and strong wings let you fly.
                  | [Gargoyle growth]
 12929 | Lair:4   | Reached XP level 14. HP: 81/90 MP: 21/21
 13025 | Lair:4   | 13025 ||| INVOKING Heroism.
 13027 | Lair:4   | 13027 ||| INVOKING Finesse.
 13031 | Lair:4   | 13031 ||| SWAPPING to +0 morningstar.
 13039 | Lair:4   | 13039 ||| SWAPPING to +1 war axe.
 13342 | Lair:4   | 13342 ||| READING scroll labelled ROLOYB ATIT.
 13343 | Lair:4   | 13343 ||| READING 3 scrolls labelled PECZEO YFITO.
 13353 | Lair:4   | 13353 ||| READING 6 scrolls of identify.
 13353 | Lair:4   | 13353 ||| IDENTIFYING fizzy dark potion
 13354 | Lair:4   | 13354 ||| READING 5 scrolls of identify.
 13354 | Lair:4   | 13354 ||| IDENTIFYING white potion
 13355 | Lair:4   | 13355 ||| READING 4 scrolls of identify.
 13355 | Lair:4   | 13355 ||| IDENTIFYING glowing coppery potion
 13356 | Lair:4   | 13356 ||| DROPPING potion of brilliance.
 13357 | Lair:4   | 13357 ||| DROPPING 2 scrolls of torment.
 13358 | Lair:4   | 13358 ||| DROPPING potion of invisibility.
 13359 | Lair:4   | 13359 ||| DROPPING potion of degeneration.
 13366 | Lair:5   | Entered Level 5 of the Lair of Beasts
 13388 | Lair:5   | 13388 ||| INVOKING Heroism.
 13447 | Lair:5   | 13447 ||| Stepping ~*~*~tactically~*~*~ (stealth).
 13455 | Lair:5   | 13455 ||| INVOKING Heroism.
 13574 | Lair:5   | 13574 ||| DROPPING +0 morningstar.
 13604 | Lair:5   | 13604 ||| Stepping ~*~*~tactically~*~*~ (stealth).
 13606 | Lair:5   | 13606 ||| Stepping ~*~*~tactically~*~*~ (stealth).
 13611 | Lair:5   | 13611 ||| Stepping ~*~*~tactically~*~*~ (stealth).
 13624 | Lair:5   | 13624 ||| INVOKING Heroism.
 13678 | Lair:5   | 13678 ||| Stepping ~*~*~tactically~*~*~ (stealth).
 13692 | Lair:5   | 13692 ||| INVOKING Heroism.
 13703 | Lair:5   | Reached skill level 12 in Fighting
 13732 | Lair:5   | 13732 ||| Stepping ~*~*~tactically~*~*~ (stealth).
 13766 | Lair:5   | 13766 ||| INVOKING Heroism.
 13776 | Lair:5   | 13776 ||| Stepping ~*~*~tactically~*~*~ (stealth).
 13811 | Lair:5   | Received a gift from Okawaru
 13831 | Lair:5   | 13831 ||| FLEEEEING.
 13837 | Lair:5   | 13837 ||| STAIRDANCE
 13942 | Lair:4   | 13942 ||| UPGRADING to +0 kite shield.
 13952 | Lair:4   | 13952 ||| DROPPING +0 buckler.
 13989 | Lair:5   | Found a viscous altar of Jiyva.
 13989 | Lair:5   | Found a staircase to the Slime Pits.
 13990 | Lair:5   | 13990 ||| INVOKING Heroism.
 13991 | Lair:5   | 13991 ||| INVOKING Finesse.
 14068 | Lair:5   | 14068 ||| INVOKING Heroism.
 14159 | Lair:5   | 14159 ||| INVOKING Heroism.
 14257 | Lair:5   | 14257 ||| Stepping ~*~*~tactically~*~*~ (stealth).
 14270 | Lair:5   | Reached skill level 9 in Shields
 14295 | Lair:5   | 14295 ||| INVOKING Heroism.
 14313 | Lair:5   | HP: 23/92 [wolf (4)]
 14314 | Lair:5   | 14314 ||| READING scroll of teleportation.
 14380 | Lair:5   | 14380 ||| FLEEEEING.
 14383 | Lair:5   | 14383 ||| FLEEEEING.
 14385 | Lair:5   | 14385 ||| FLEEEEING.
 14386 | Lair:5   | 14386 ||| FLEEEEING.
 14387 | Lair:5   | 14387 ||| FLEEEEING.
 14388 | Lair:5   | 14388 ||| FLEEEEING.
 14389 | Lair:5   | 14389 ||| FLEEEEING.
 14390 | Lair:5   | 14390 ||| FLEEEEING.
 14391 | Lair:5   | 14391 ||| FLEEEEING.
 14392 | Lair:5   | 14392 ||| FLEEEEING.
 14393 | Lair:5   | 14393 ||| FLEEEEING.
 14394 | Lair:5   | 14394 ||| FLEEEEING.
 14395 | Lair:5   | 14395 ||| FLEEEEING.
 14396 | Lair:5   | 14396 ||| FLEEEEING.
 14397 | Lair:5   | 14397 ||| FLEEEEING.
 14398 | Lair:5   | 14398 ||| FLEEEEING.
 14402 | Lair:5   | 14402 ||| FLEEEEING.
 14403 | Lair:5   | 14403 ||| FLEEEEING.
 14404 | Lair:5   | 14404 ||| FLEEEEING.
 14406 | Lair:5   | 14406 ||| FLEEEEING.
 14407 | Lair:5   | 14407 ||| FLEEEEING.
 14408 | Lair:5   | 14408 ||| FLEEEEING.
 14409 | Lair:5   | 14409 ||| FLEEEEING.
 14410 | Lair:5   | 14410 ||| FLEEEEING.
 14411 | Lair:5   | 14411 ||| FLEEEEING.
 14412 | Lair:5   | 14412 ||| FLEEEEING.
 14413 | Lair:5   | 14413 ||| FLEEEEING.
 14414 | Lair:5   | 14414 ||| STAIRDANCE
 14416 | Lair:4   | 14416 ||| UPGRADING to +2 helmet.
 14426 | Lair:4   | 14426 ||| DROPPING +0 helmet.
 14429 | Lair:5   | 14429 ||| INVOKING Heroism.
 14489 | Lair:5   | 14489 ||| READING scroll of enchant weapon.
 14489 | Lair:5   | 14489 ||| ENCHANTING +1 war axe.
 14619 | Lair:5   | Received a gift from Okawaru
 14671 | Lair:5   | 14671 ||| Stepping ~*~*~tactically~*~*~ (stealth).
 14672 | Lair:5   | 14672 ||| Stepping ~*~*~tactically~*~*~ (stealth).
 14684 | Lair:5   | 14684 ||| Stepping ~*~*~tactically~*~*~ (stealth).
 14685 | Lair:5   | 14685 ||| Stepping ~*~*~tactically~*~*~ (stealth).
 14686 | Lair:5   | 14686 ||| Stepping ~*~*~tactically~*~*~ (stealth).
 14712 | Lair:5   | 14712 ||| Stepping ~*~*~tactically~*~*~ (hiding).
 14713 | Lair:5   | 14713 ||| Stepping ~*~*~tactically~*~*~ (hiding).
 14768 | Lair:5   | 14768 ||| Stepping ~*~*~tactically~*~*~ (stealth).
 14823 | Lair:5   | 14823 ||| Stepping ~*~*~tactically~*~*~ (hiding).
 14857 | Lair:5   | 14857 ||| Stepping ~*~*~tactically~*~*~ (stealth).
 14858 | Lair:5   | 14858 ||| Stepping ~*~*~tactically~*~*~ (stealth).
 14860 | Lair:5   | 14860 ||| Stepping ~*~*~tactically~*~*~ (stealth).
 14862 | Lair:5   | 14862 ||| Stepping ~*~*~tactically~*~*~ (stealth).
 14863 | Lair:5   | 14863 ||| Stepping ~*~*~tactically~*~*~ (stealth).
 14864 | Lair:5   | 14864 ||| INVOKING Heroism.
 14869 | Lair:5   | 14869 ||| Stepping ~*~*~tactically~*~*~ (stealth).
 14883 | Lair:5   | 14883 ||| Stepping ~*~*~tactically~*~*~ (stealth).
 14952 | Lair:5   | 14952 ||| Stepping ~*~*~tactically~*~*~ (stealth).
 14954 | Lair:5   | 14954 ||| Stepping ~*~*~tactically~*~*~ (stealth).
 14966 | Lair:5   | 14966 ||| INVOKING Heroism.
 14969 | Lair:5   | HP: 18/92 [red ugly thing (10)]
 14970 | Lair:5   | 14970 ||| DRINKING 3 potions of heal wounds.
 14977 | Lair:5   | Identified the +7 falchion of Usim {venom, Will+ Str+5}
 15046 | Lair:5   | 15046 ||| Stepping ~*~*~tactically~*~*~ (stealth).
 15087 | Lair:5   | Found a corrupted altar of Lugonu.
 15087 | Lair:5   | Found a one-way gate to the infinite horrors of the Abyss.
 15094 | Lair:5   | 15094 ||| READING scroll of enchant armour.
 15094 | Lair:5   | 15094 ||| ENCHANTING +0 pair of gloves.
 15161 | Lair:5   | 15161 ||| PLANNING D:1-11
 15161 | Lair:5   | 15161 ||| UPGRADING to +0 cloak of poison resistance.
 15166 | Lair:5   | 15166 ||| DROPPING +1 hat of willpower.
 15389 | D:11     | 15389 ||| INVOKING Heroism.
 15390 | D:11     | 15390 ||| INVOKING Finesse.
 15407 | D:11     | Reached skill level 12 in Shields
 15469 | D:11     | 15469 ||| Stepping ~*~*~tactically~*~*~ (stealth).
 15471 | D:11     | 15471 ||| Stepping ~*~*~tactically~*~*~ (hiding).
 15493 | D:11     | 15493 ||| INVOKING Heroism.
 15527 | D:11     | 15527 ||| DROPPING +2 demon whip of electrocution.
 15687 | D:11     | Found a staircase to the Orcish Mines.
 15690 | D:11     | 15690 ||| Stepping ~*~*~tactically~*~*~ (hiding).
 15699 | D:11     | 15699 ||| INVOKING Heroism.
 15814 | D:11     | 15814 ||| INVOKING Heroism.
 15948 | D:11     | 15948 ||| PLANNING D
 15948 | D:11     | 15948 ||| DROPPING amulet of guardian spirit.
 16206 | D:12     | Noticed Maurice
 16231 | D:12     | Killed Maurice
 16232 | D:12     | Reached XP level 15. HP: 96/96 MP: 22/22
 16371 | D:12     | 16371 ||| Stepping ~*~*~tactically~*~*~ (hiding).
 16382 | D:12     | 16382 ||| INVOKING Heroism.
 16456 | D:12     | 16456 ||| INVOKING Heroism.
 16496 | D:12     | 16496 ||| INVOKING Heroism.
 16613 | D:13     | 16613 ||| Stepping ~*~*~tactically~*~*~ (hiding).
 16621 | D:13     | 16621 ||| INVOKING Heroism.
 16643 | D:13     | Gained mutation: You expend magic power (3 MP) to
                  | strengthen your wands. [a shining eye]
 16645 | D:13     | Gained mutation: You are weak. (Str -2) [a shining eye]
 16646 | D:13     | Gained mutation: You are frail. (-10% HP) [a shining eye]
 16649 | D:13     | Gained mutation: You are vulnerable to heat. (rF-) [a
                  | shining eye]
 16652 | D:13     | Gained mutation: Armour fits poorly on your strangely
                  | shaped body. [a shining eye]
 16659 | D:13     | 16659 ||| DRINKING 6 potions of mutation.
 16659 | D:13     | Lost mutation: You possess an exceptional clarity of mind.
                  | [potion of mutation]
 16659 | D:13     | Lost mutation: You are vulnerable to heat. (rF-) [potion of
                  | mutation]
 16659 | D:13     | Gained mutation: You are vulnerable to heat. (rF-) [potion
                  | of mutation]
 16659 | D:13     | Gained mutation: You have a pair of small horns on your
                  | head. [potion of mutation]
 16660 | D:13     | 16660 ||| DRINKING 5 potions of mutation.
 16660 | D:13     | Lost mutation: You have a pair of small horns on your head.
                  | [potion of mutation]
 16660 | D:13     | Lost mutation: You expend magic power (3 MP) to strengthen
                  | your wands. [potion of mutation]
 16660 | D:13     | Lost mutation: You are vulnerable to heat. (rF-) [potion of
                  | mutation]
 16660 | D:13     | Lost mutation: You are weak. (Str -2) [potion of mutation]
 16661 | D:13     | 16661 ||| DRINKING 4 potions of mutation.
 16661 | D:13     | Lost mutation: Your mind is acute. (Int +4, Str/Dex -1)
                  | [potion of mutation]
 16661 | D:13     | Lost mutation: Your flesh is cold resistant. (rC+) [potion
                  | of mutation]
 16661 | D:13     | Gained mutation: Your spells are a little harder to cast,
                  | but a little more powerful. [potion of mutation]
 16662 | D:13     | 16662 ||| DRINKING 3 potions of mutation.
 16662 | D:13     | Lost mutation: You are frail. (-10% HP) [potion of
                  | mutation]
 16662 | D:13     | Lost mutation: Your spells are a little harder to cast, but
                  | a little more powerful. [potion of mutation]
 16662 | D:13     | Lost mutation: Armour fits poorly on your strangely shaped
                  | body. [potion of mutation]
 16662 | D:13     | Gained mutation: Your spells are a little easier to cast,
                  | but a little less powerful. [potion of mutation]
 16662 | D:13     | Gained mutation: You are frail. (-10% HP) [potion of
                  | mutation]
 16663 | D:13     | 16663 ||| DRINKING 2 potions of mutation.
 16663 | D:13     | Lost mutation: Your natural rate of healing is unusually
                  | fast. [potion of mutation]
 16663 | D:13     | Lost mutation: Your spells are a little easier to cast, but
                  | a little less powerful. [potion of mutation]
 16663 | D:13     | Gained mutation: You are partially covered in iridescent
                  | scales. (AC +2) [potion of mutation]
 16664 | D:13     | 16664 ||| DRINKING potion of mutation.
 16664 | D:13     | Lost mutation: You are frail. (-10% HP) [potion of
                  | mutation]
 16664 | D:13     | Lost mutation: You are partially covered in iridescent
                  | scales. (AC +2) [potion of mutation]
 16664 | D:13     | Gained mutation: You are agile. (Dex +4, Str/Int -1)
                  | [potion of mutation]
 16772 | D:13     | Reached skill level 3 in Dodging
 16801 | D:13     | Found a gate to the Vaults.
 16802 | D:13     | 16802 ||| Stepping ~*~*~tactically~*~*~ (hiding).
 16990 | D:13     | 16990 ||| INVOKING Heroism.
 17103 | D:13     | 17103 ||| Stepping ~*~*~tactically~*~*~ (hiding).
 17117 | D:13     | 17117 ||| INVOKING Heroism.
 17317 | D:13     | 17317 ||| UPGRADING to +2 helmet.
 17333 | D:14     | Noticed Jorgrun
 17334 | D:14     | 17334 ||| Stepping ~*~*~tactically~*~*~ (hiding).
 17335 | D:14     | 17335 ||| INVOKING Heroism.
 17336 | D:14     | 17336 ||| INVOKING Finesse.
 17359 | D:14     | Killed Jorgrun
 17363 | D:14     | HP: 21/96 [harpy (shapeshifter) (9)]
 17364 | D:14     | 17364 ||| READING 2 scrolls of teleportation.
 17365 | D:14     | 17365 ||| DRINKING 3 potions of heal wounds.
 17533 | D:14     | 17533 ||| INVOKING Heroism.
 17615 | D:14     | Found a broken altar of Ashenzari.
 17628 | D:14     | 17628 ||| INVOKING Heroism.
 17630 | D:14     | 17630 ||| SWAPPING to +2 hand axe of flaming.
 17643 | D:14     | 17643 ||| SWAPPING to +2 war axe.
 17752 | D:14     | Reached skill level 16 in Axes
 17771 | D:14     | Received a gift from Okawaru
 17884 | D:14     | Noticed Rupert
 17885 | D:14     | 17885 ||| DRINKING 8 potions of curing.
 17885 | D:14     | 17885 ||| (to cure confusion)
 17886 | D:14     | 17886 ||| INVOKING Heroism.
 17887 | D:14     | 17887 ||| INVOKING Finesse.
 17907 | D:14     | Killed Rupert
 17958 | D:14     | 17958 ||| READING scroll of enchant weapon.
 17958 | D:14     | 17958 ||| ENCHANTING +2 war axe.
 18317 | D:15     | Entered Level 15 of the Dungeon
 18338 | D:15     | 18338 ||| Stepping ~*~*~tactically~*~*~ (hiding).
 18343 | D:15     | 18343 ||| INVOKING Heroism.
 18373 | D:15     | 18373 ||| Stepping ~*~*~tactically~*~*~ (stealth).
 18486 | D:15     | 18486 ||| INVOKING Heroism.
 18550 | D:15     | Found Heicwopp's Armour Boutique.
 18652 | D:15     | 18652 ||| INVOKING Heroism.
 18655 | D:15     | 18655 ||| BUYING +4 chain mail of cold resistance (441
                  | gold).
 18655 | D:15     | Bought a +4 chain mail of cold resistance for 441 gold
                  | pieces
 18672 | D:15     | Noticed Azrael
 18673 | D:15     | 18673 ||| INVOKING Finesse.
 18682 | D:15     | 18682 ||| INVOKING Heroism.
 18699 | D:15     | Killed Azrael
 18699 | D:15     | Received a gift from Okawaru
 18786 | D:15     | Reached skill level 12 in Armour
 18892 | D:15     | 18892 ||| Stepping ~*~*~tactically~*~*~ (stealth).
 18901 | D:15     | 18901 ||| Stepping ~*~*~tactically~*~*~ (hiding).
 18901 | D:15     | Found a staircase to the Depths.
 18902 | D:15     | 18902 ||| INVOKING Heroism.
 18923 | D:15     | 18923 ||| INVOKING Heroism.
 18923 | D:15     | HP: 24/96 [dire elephant (8)]
 18924 | D:15     | 18924 ||| READING 2 scrolls of teleportation.
 18925 | D:15     | 18925 ||| DRINKING 2 potions of heal wounds.
 19165 | D:15     | 19165 ||| INVOKING Heroism.
 19166 | D:15     | 19166 ||| SWAPPING to +2 hand axe of flaming.
 19174 | D:15     | 19174 ||| SWAPPING to +3 war axe.
 19200 | D:15     | 19200 ||| PLANNING ORC
 19200 | D:15     | 19200 ||| UPGRADING to +4 chain mail of cold resistance.
 19210 | D:15     | 19210 ||| DROPPING +0 plate armour.
 19211 | D:15     | 19211 ||| UPGRADING to +2 cloak.
 19221 | D:15     | 19221 ||| DROPPING +0 cloak of poison resistance.
 19222 | D:15     | 19222 ||| READING scroll labelled MARRIA DUMOM.
 19330 | Orc:1    | Entered Level 1 of the Orcish Mines
 19331 | Orc:1    | 19331 ||| INVOKING Heroism.
 19350 | Orc:1    | Found a bloodstained altar of Trog.
 19399 | Orc:2    | Entered Level 2 of the Orcish Mines
 19419 | Orc:2    | 19419 ||| INVOKING Heroism.
 19518 | Orc:2    | 19518 ||| Stepping ~*~*~tactically~*~*~ (hiding).
 19643 | Orc:2    | Found a dark tunnel.
 19706 | Orc:2    | Found a staircase to the Elven Halls.
 19723 | Orc:1    | 19723 ||| INVOKING Heroism.
 19772 | Orc:1    | 19772 ||| INVOKING Heroism.
 20110 | Orc:2    | 20110 ||| Stepping ~*~*~tactically~*~*~ (stealth).
 20201 | Orc:2    | 20201 ||| INVOKING Heroism.
 20292 | Orc:2    | 20292 ||| INVOKING Heroism.
 20305 | Orc:2    | Found Kas Iddywiv's Distillery.
 20310 | Orc:2    | 20310 ||| BUYING potion of curing (33 gold).
 20310 | Orc:2    | Bought a potion of curing for 33 gold pieces
 20310 | Orc:2    | 20310 ||| BUYING potion of haste (110 gold).
 20310 | Orc:2    | Bought a potion of haste for 110 gold pieces
 20310 | Orc:2    | 20310 ||| BUYING potion of heal wounds (55 gold).
 20310 | Orc:2    | Bought a potion of heal wounds for 55 gold pieces
 20310 | Orc:2    | 20310 ||| BUYING potion of heal wounds (55 gold).
 20310 | Orc:2    | Bought a potion of heal wounds for 55 gold pieces
 20337 | Orc:2    | Noticed an orc warlord
 20355 | Orc:2    | 20355 ||| INVOKING Heroism.
 20360 | Orc:2    | Killed an orc warlord
 20371 | Orc:2    | Reached XP level 16. HP: 64/103 MP: 23/23
 20383 | Orc:2    | Gained mutation: You occasionally lose the ability to drink
                  | potions when taking damage. [a neqoxec]
 20388 | Orc:2    | 20388 ||| INVOKING Heroism.
 20424 | Orc:2    | 20424 ||| DRINKING 2 potions of mutation.
 20424 | Orc:2    | Lost mutation: You are agile. (Dex +4, Str/Int -1) [potion
                  | of mutation]
 20424 | Orc:2    | Lost mutation: You occasionally lose the ability to drink
                  | potions when taking damage. [potion of mutation]
 20424 | Orc:2    | Gained mutation: You passively map a small area around you.
                  | [potion of mutation]
 20435 | Orc:2    | Found Kinyzups's Antique Weapon Emporium.
 20437 | Orc:2    | Found Huerphuos's Antique Armour Shoppe.
 20450 | Orc:2    | 20450 ||| BUYING pair of glowing boots (195 gold).
 20450 | Orc:2    | Bought a pair of glowing boots for 195 gold pieces
 20464 | Orc:2    | 20464 ||| Stepping ~*~*~tactically~*~*~ (hiding).
 20679 | Orc:2    | 20679 ||| INVOKING Heroism.
 20698 | Orc:2    | 20698 ||| Stepping ~*~*~tactically~*~*~ (hiding).
 20723 | Orc:2    | Found Peozag's Distillery.
 20728 | Orc:2    | 20728 ||| BUYING 2 potions of cancellation (192 gold).
 20728 | Orc:2    | Bought 2 potions of cancellation for 192 gold pieces
 20728 | Orc:2    | 20728 ||| BUYING 2 potions of heal wounds (120 gold).
 20728 | Orc:2    | Bought 2 potions of heal wounds for 120 gold pieces
 20728 | Orc:2    | 20728 ||| BUYING potion of cancellation (96 gold).
 20728 | Orc:2    | Bought a potion of cancellation for 96 gold pieces
 20728 | Orc:2    | 20728 ||| BUYING potion of curing (36 gold).
 20728 | Orc:2    | Bought a potion of curing for 36 gold pieces
 20728 | Orc:2    | 20728 ||| BUYING potion of heal wounds (60 gold).
 20728 | Orc:2    | Bought a potion of heal wounds for 60 gold pieces
 20728 | Orc:2    | 20728 ||| BUYING potion of heal wounds (60 gold).
 20728 | Orc:2    | Bought a potion of heal wounds for 60 gold pieces
 20728 | Orc:2    | 20728 ||| BUYING potion of heal wounds (60 gold).
 20728 | Orc:2    | Bought a potion of heal wounds for 60 gold pieces
 20728 | Orc:2    | 20728 ||| BUYING potion of might (48 gold).
 20728 | Orc:2    | Bought a potion of might for 48 gold pieces
 20756 | Orc:2    | 20756 ||| PLANNING SWAMP:1-3
 20756 | Orc:2    | 20756 ||| UPGRADING to +1 plate armour of willpower.
 20766 | Orc:2    | 20766 ||| UPGRADING to +2 pair of boots.
 20825 | D:11     | 20825 ||| Stepping ~*~*~tactically~*~*~ (stealth).
 21036 | Swamp:1  | Entered Level 1 of the Swamp
 21044 | Swamp:1  | 21044 ||| INVOKING Heroism.
 21209 | Swamp:1  | 21209 ||| Stepping ~*~*~tactically~*~*~ (hiding).
 21211 | Swamp:1  | 21211 ||| INVOKING Heroism.
 21269 | Swamp:1  | 21269 ||| INVOKING Heroism.
 21274 | Swamp:1  | 21274 ||| Stepping ~*~*~tactically~*~*~ (cloud).
 21332 | Swamp:1  | 21332 ||| Stepping ~*~*~tactically~*~*~ (stealth).
 21336 | Swamp:1  | 21336 ||| Stepping ~*~*~tactically~*~*~ (stealth).
 21342 | Swamp:1  | 21342 ||| INVOKING Heroism.
 21389 | Swamp:1  | 21389 ||| INVOKING Heroism.
 21724 | Swamp:1  | 21724 ||| INVOKING Heroism.
 21882 | Swamp:2  | 21882 ||| INVOKING Heroism.
 21899 | Swamp:2  | 21899 ||| SWAPPING to +2 hand axe of flaming.
 21909 | Swamp:2  | 21909 ||| SWAPPING to +3 war axe of protection.
 21909 | Swamp:2  | HP: 25/104 [alligator (4)]
 21910 | Swamp:2  | 21910 ||| READING 2 scrolls of teleportation.
 21911 | Swamp:2  | 21911 ||| DRINKING 8 potions of heal wounds.
 21914 | Swamp:2  | HP: 25/104 [spriggan druid/+0 quarterstaff (10)]
 21915 | Swamp:2  | 21915 ||| READING scroll of teleportation.
 21923 | Swamp:2  | HP: 23/104 [goliath frog (7)]
 21923 | Swamp:2  | HP: 8/104 [constriction (7)]
 21924 | Swamp:2  | 21924 ||| DRINKING 7 potions of heal wounds.
 21925 | Swamp:2  | 21925 ||| DRINKING 6 potions of heal wounds.
 21926 | Swamp:2  | 21926 ||| DRINKING 5 potions of heal wounds.
 21929 | Swamp:2  | HP: 16/104 [goliath frog (15)]
 21929 | Swamp:2  | Slain by a goliath frog

Levels and vault maps discovered:
D:1:      zaba_arrival_water, layout_loops_ring
D:2:      layout_basic, serial_shops, shop
D:3:      layout_basic, marbit_many_paths, nrook_campfire
D:4:      layout_rooms, nicolae_shop_firing_range, uniq_crazy_yiuf_cottage
D:5:      layout_cave_pools, makhleb_heckhound_becter,
          nicolae_wu_jian_wuxing_cycle
D:6:      layout_loops_ring, minmay_checkerbox
D:7:      layout_cave_pools, trog_hazing_becter, minmay_temple_entry_nine_rooms,
          serial_co_window_serial, co_window_paths_a, co_window_corner_a,
          co_window_corner_a, co_window_paths_a, co_window_paths_a,
          co_window_paths_b, co_window_corner_a, co_window_of_opportunity_a,
          co_window_corner_a, co_window_unsneaky_path_c, co_window_corner_b,
          co_window_paths_c, co_window_broadway_a, co_window_broadway_a,
          co_window_4corner_a, glass_columns_a, glass_columns_c
D:8:      layout_basic, vehumet_statue, serial_undead, serial_undead_b,
          serial_undead_d, serial_undead_a, serial_undead_e, serial_undead_f
D:9:      layout_basic, zin_scriptorium, nemelex_altar_shiori,
          gammafunk_temple_overflow_statue, serial_shops, shop, uniq_harold
D:10:     layout_basic, lair_entry_dummy, nicolae_trove_entry_columns,
          serial_shops, shop_fountains, minmay_crystal_room
D:11:     layout_long_grid, minmay_orc_entry_temple_small
D:12:     layout_loops_cross, hangedman_abyss_or_decor_passed,
          solitary_fountain, grunt_decor_one_mirror, uniq_maurice
D:13:     layout_roguey, david_vaults_1
D:14:     layout_basic, cheibrodos_ashenzari_chains, uniq_jorgrun, uniq_rupert
D:15:     hangedman_depths_entry_try_elsewhere_first, layout_basic,
          serial_shops, nicolae_diamond_shop, minmay_misc_feat_x, uniq_azrael
Temple:   compressed_dpeg_triangle_lava_temple
Lair:1:   layout_long_grid
Lair:2:   layout_regular_city, minmay_snake_entry_guardpost_small, uniq_erica,
          uniq_fannar
Lair:3:   cheibrodos_magma_flow, layout_regular_city,
          nicolae_swamp_entry_splash_gauntlet, grunt_megastairs_4
Lair:4:   layout_gridlike, serial_bayou_shore_a, uniq_sonja
Lair:5:   hellmonk_lair_end_abyssal_woods, layout_small_grid, slime_entry_1
Swamp:1:  layout_basic_swamp, evilmike_swamp_ruin_rubble_2
Swamp:2:  layout_falls_marsh, evilmike_swamp_ruin_house_6
Orc:1:    layout_caves, basic_altar
Orc:2:    grunt_orc_community_town_hall, layout_caves,
          grunt_orc_community_big_house_2, grunt_orc_community_big_house_2,
          grunt_orc_community_house_1, grunt_orc_community_house_1,
          grunt_orc_community_house_1, grunt_orc_community_house_1,
          grunt_orc_community_house_1, grunt_orc_community_house_3,
          nicolae_volcano_entry_two_sided

Skill      XL: |  1  2  3  4  5  6  7  8  9 10 11 12 13 14 15 16 |
---------------+-------------------------------------------------+-----
Axes           | 2 3 4 5 6 7 8 10 11 12 13 15 16 | 16.0
Fighting       | 4 5 6 7 8 9 10 11 12 13 | 13.1
Dodging        | 1 2 4 |  4.0
Armour         | 4 6 7 8 9 10 12 13 | 13.0
Shields        | 4 5 6 7 12 13 | 13.5
Invocations    | 4 8 10 | 10.0
Throwing       | 3 4 5 |  5.1

Action                   |  1- 3 |  4- 6 |  7- 9 | 10-12 | 13-15 | 16-18 || total
-------------------------+-------+-------+-------+-------+-------+-------++-------
Melee: War axe           |    84 |    97 |   421 |   773 |  1609 |   288 ||  3272
       Morningstar       |       |       |       |     3 |     7 |       ||    10
       Hand axe          |       |       |       |       |    17 |     9 ||    26
Throw: Boomerang         |     7 |    35 |     5 |     2 |    36 |    10 ||    95
       Javelin           |       |       |       |    54 |    38 |       ||    92
Invok: Heroism           |       |       |     2 |    33 |    57 |     9 ||   101
       Finesse           |       |       |       |     2 |     9 |       ||    11
  Use: Scroll            |     8 |     2 |     3 |     6 |    13 |     2 ||    34
       Potion            |     2 |     1 |     2 |     3 |    10 |     5 ||    23
 Stab: Confused          |       |       |       |       |       |     2 ||     2
Armor: Scale mail        |    48 |    56 |    76 |       |       |       ||   180
       Chain mail        |       |       |   228 |       |    56 |    23 ||   307
       Plate armour      |       |       |   116 |   486 |   791 |   193 ||  1586
Dodge: Dodged            |    35 |    34 |   209 |   253 |   385 |    89 ||  1005
Block: Buckler           |    14 |    15 |    95 |   151 |   126 |       ||   401
       Kite shield       |       |       |       |       |   552 |   190 ||   742

Table legend:
 A = Non-vault XP
 B = Vault XP
 C = Vault XP percentage of total XP
 D = Non-vault monster count
 E = Vault monster count
 F = Vault count percentage of total count
                 A         B        C        D         E       F
            +---------+---------+-------+---------+---------+-------
      Total |  106487 |   37705 |  26.1 |     551 |     189 |  25.5
            +---------+---------+-------+---------+---------+-------
        D:1 |      23 |       0 |   0.0 |      14 |       0 |   0.0
        D:2 |      27 |       0 |   0.0 |       9 |       0 |   0.0
        D:3 |     247 |       2 |   0.8 |      21 |       1 |   4.5
        D:4 |     284 |       6 |   2.1 |      11 |       3 |  21.4
        D:5 |     751 |      43 |   5.4 |      26 |       1 |   3.7
        D:6 |     774 |     193 |  20.0 |      20 |       4 |  16.7
        D:7 |    1218 |      11 |   0.9 |      27 |       6 |  18.2
        D:8 |    1432 |     769 |  34.9 |      27 |      12 |  30.8
        D:9 |    5829 |     897 |  13.3 |      37 |       1 |   2.6
       D:10 |    1619 |       0 |   0.0 |      28 |       0 |   0.0
       D:11 |    3169 |     263 |   7.7 |      19 |       9 |  32.1
       D:12 |    3021 |     469 |  13.4 |      15 |       1 |   6.2
       D:13 |    7493 |    1478 |  16.5 |      11 |       4 |  26.7
       D:14 |    7978 |    3846 |  32.5 |      16 |       2 |  11.1
       D:15 |    9115 |    4317 |  32.1 |      18 |      11 |  37.9
     Lair:1 |    8287 |       0 |   0.0 |      34 |       0 |   0.0
     Lair:2 |    4975 |    2354 |  32.1 |      21 |       6 |  22.2
     Lair:3 |   13183 |    3056 |  18.8 |      44 |      12 |  21.4
     Lair:4 |    8368 |     776 |   8.5 |      27 |       1 |   3.6
     Lair:5 |   14181 |   12732 |  47.3 |      53 |      39 |  42.4
    Swamp:1 |   10209 |       0 |   0.0 |      22 |       0 |   0.0
    Swamp:2 |    2372 |       0 |   0.0 |       9 |       0 |   0.0
      Orc:1 |    1328 |       0 |   0.0 |      32 |       0 |   0.0
      Orc:2 |     604 |    6493 |  91.5 |      10 |      76 |  88.4
            +---------+---------+-------+---------+---------+-------
